Map: Terrasses de Prion

Players

pupu

  • Race: Protoss Protoss
  • League: Silver

Mcbenny - Winner!

  • Race: Protoss Protoss
  • League: Silver

VOD

Have the link to the VOD?

Description

Time

  • Played on: April 4, 2016, 2 p.m.
  • Length: 4:49
Show
View Real Time Build Order
Export as new Build Order

pupu Protoss 

Build Orders: Nexus First 

Get SALT Encoding   

  12  0:01  Probe (Chrono Boost)  
  13  0:11  Probe (Chrono Boost)  
  14  0:19  Pylon  
  14  0:24  Probe (Chrono Boost)  
  15  0:38  Probe (Chrono Boost)  
  16  0:48  Probe (Chrono Boost)  
  17  1:02  Nexus  
  17  1:06  Probe (Chrono Boost)  
  18  1:17  Probe (Chrono Boost)  
  19  1:27  Pylon  
  19  1:28  Probe (Chrono Boost)  
  19  1:29  Assimilator  
  20  1:38  Probe (Chrono Boost)  
  20  1:39  Gateway  
  21  1:53  Probe (Chrono Boost)  
  22  1:59  Pylon  
  22  2:04  Probe (Chrono Boost)  
  22  2:08  Assimilator  
  23  2:14  Probe (Chrono Boost), Gateway  
  24  2:19  Probe (Chrono Boost)  
  25  2:25  Probe (Chrono Boost)  
  25  2:28  Cybernetics Core  
  26  2:35  Probe (Chrono Boost)  
  29  2:44  Probe (Chrono Boost), Forge  
  28  2:46  Probe (Chrono Boost)  
  28  2:47  Pylon  
  29  2:52  Assimilator  
  29  2:54  Probe (Chrono Boost)  
  29  2:57  Probe (Chrono Boost)  
  31  3:05  Warp Gate (Chrono Boost)  
  31  3:07  Stalker  
  31  3:08  Probe  
  31  3:09  Stalker  
  31  3:10  Probe  
  37  3:19  Probe  
  37  3:22  Probe  
  39  3:27  Robotics Facility  
  39  3:30  Probe  
  41  3:34  Probe  
  41  3:35  Assimilator  
  41  3:40  Probe  
  41  3:41  Pylon  
  41  3:45  Pylon  
  41  3:46  Probe  
  43  3:49  Sentry  
  43  3:51  Probe  
  43  3:54  Sentry  
  48  3:58  Probe  
  49  4:03  Probe  
  50  4:10  Probe  
  50  4:14  Probe  
  53  4:17  Observer  
  53  4:22  Probe  
  54  4:25  Probe  
  54  4:29  Pylon  
  55  4:32  Nexus  
  55  4:34  Probe  
Show
View Real Time Build Order
Export as new Build Order

Mcbenny Protoss - Winner!

Build Orders:  

Get SALT Encoding   

  12  0:01  Probe (Chrono Boost)  
  13  0:11  Probe (Chrono Boost)  
  14  0:18  Pylon  
  14  0:35  Probe (Chrono Boost)  
  15  0:45  Gateway  
  15  0:48  Probe (Chrono Boost)  
  16  0:58  Probe (Chrono Boost)  
  17  1:05  Assimilator  
  17  1:09  Probe (Chrono Boost)  
  17  1:10  Assimilator  
  18  1:19  Probe (Chrono Boost)  
  19  1:30  Probe (Chrono Boost)  
  20  1:35  Cybernetics Core  
  20  1:39  Gateway  
  20  1:40  Probe (Chrono Boost)  
  21  1:55  Probe (Chrono Boost)  
  21  1:57  Pylon  
  21  1:58  Pylon  
  22  2:05  Probe (Chrono Boost)  
  23  2:12  Warp Gate (Chrono Boost)  
  23  2:15  Adept  
  25  2:27  Adept  
  27  2:32  Gateway  
  27  2:48  Adept  
  29  2:54  Adept  
  31  2:59  Gateway  
  31  3:00  Gateway  
  31  3:03  Probe  
  32  3:19  Stalker  
  34  3:23  Stalker  
  34  3:24  Stalker  
  38  3:40  Pylon  
  38  3:55  Pylon  
  38  4:06  Stalker  
  40  4:10  Stalker x2  
  40  4:14  Stalker  
  46  4:19  Adept  
Tags
 
Add a new tag
Caveats
  • Supply blocks, unpowered buildings, or Contaminate may cause inaccurate times.
  • Supply counts are checked every 10 seconds.